 Dungeon Crawl Stone Soup version 0.31-a0-259-g771a54ca4b (webtiles) character file.

Game seed: 4915852515775068959

475 qw the Shooter (level 7, -2/43 HPs)
             Began as a Gargoyle Hexslinger on July 13, 2023.
             Slain by a black bear (6 damage)
             ... on level 5 of the Dungeon.
             The game lasted 00:01:17 (3576 turns).

qw the Shooter (Gargoyle Hexslinger)                Turns: 3576, Time: 00:01:18

Health: -2/43      AC: 11    Str: 12    XL:     7   Next: 10%
Magic:  8/8        EV: 10    Int: 13    God:
Gold:   239        SH:  0    Dex: 14    Spells: 7/8 levels left

rFire   . . .        k - +0 arbalest (heavy)
rCold   . . .        (shield currently unavailable)
rNeg    + . .        f - +0 ring mail
rPois   inf          (no helmet)
rElec   +            (no cloak)
rCorr   .            (no gloves)
SInv    .            i - +0 pair of boots
Will    .....        e - amulet of faith
Stlth   +            (no ring)
HPRegen 0.27/turn    (no ring)
MPRegen 0.11/turn

%: faith
@: no status effects
A: sickness immunity, AC +4, negative energy resistance 1, electricity
resistance, torment resistance 1, petrification resistance
a: no special abilities


You were on level 5 of the Dungeon.
You visited 1 branch of the dungeon, and saw 5 of its levels.

You collected 239 gold pieces.


Innate Abilities, Weirdness & Mutations

You are immune to sickness and miasma.
Your stone body is resilient. (AC +4)
You are immune to poison.
You resist negative energy. (rN+)
You are resistant to electric shocks. (rElec)
You are resistant to unholy torment.
You are immune to petrification.


   Skills:
 - Level 4.1 Fighting
 + Level 6.3 Ranged Weapons
 - Level 1.0 Armour
 - Level 1.5 Dodging
 - Level 1.0 Spellcasting
 - Level 2.6 Hexes


You had 7 spell levels left.
You knew the following spells:

 Your Spells              Type           Power      Damage    Failure   Level
a - Slow                  Hex            28%        N/A       22%         1

Your spell library contained the following spells:

 Spells                   Type           Power      Damage    Failure   Level
 Inner Flame              Hex/Fire       4%         N/A       73%         3
 Portal Projectile        Hex/Tloc       8%         N/A       73%         3
 Cause Fear               Hex            3%         N/A       91%         4

Inventory:

Hand Weapons
 k - a +0 heavy arbalest (weapon)
Armour
 f - a +0 ring mail (worn)
 i - a +0 pair of boots (worn)
Jewellery
 e - an amulet of faith (around neck)
Scrolls
 a - 2 scrolls of identify
 b - a scroll of amnesia {unknown}
 c - a scroll of immolation {unknown}
Potions
 d - 2 potions of curing
 j - a potion of lignification {unknown}
 l - a potion of attraction {unknown}

Dungeon Overview and Level Annotations

Branches:
Dungeon (5/15)
 Temple: D:4-7

Altars:
Nemelex Xobeh
Qazlal
Zin

Shops:
D:3 ==


Message History

The black bear claws you but does no damage.
You shoot a bolt. The bolt hits the black bear!
The black bear is moderately wounded.
The black bear bites you. The black bear claws you.
The black bear barely misses you.
The orc priest calls down the wrath of Beogh upon you.
Beogh smites you! The black bear barely misses you.
The black bear claws you but does no damage. x2
3572 ||| DRINKING potion of heal wounds.
You feel much better.
The black bear bites you but does no damage.
The black bear misses you. The black bear claws you.
You shoot a bolt. The bolt barely misses the black bear.
The black bear bites you.
The black bear claws you but does no damage.
The black bear closely misses you. x2; The black bear barely misses you.
The black bear claws you but does no damage.
The black bear closely misses you. The black bear claws you.
The black bear closely misses you.
You shoot a bolt. The bolt hits the black bear!
The black bear is severely wounded.
The black bear goes berserk!
The black bear bites you.
The black bear claws you but does no damage.
The black bear closely misses you.
You shoot a bolt. The bolt barely misses the black bear.
The black bear barely misses you.
The black bear claws you but does no damage. x2
The black bear barely misses you. The black bear closely misses you.
The black bear barely misses you. The black bear bites you.
The black bear claws you.
The black bear claws you but does no damage.
The black bear misses you. The black bear claws you. x2
You shoot a bolt.
The bolt completely misses the black bear.
The black bear bites you! The black bear completely misses you.
The black bear claws you but does no damage.
The black bear barely misses you. The black bear claws you.
The black bear claws you but does no damage.
The black bear bites you. The black bear claws you.
You die...

####
#.#
#.#
#.#
#.#
#.###
#...#
###.#
#.#
#@#
#oh)#
#.###
#. .
.. #)
..


You could see a black bear (berserk) and an orc priest.

Vanquished Creatures
  2 scorpions (D:5)
  3 hounds (D:4)
  A jelly (D:5)
  2 orc priests (D:5)
  Jessica (D:3)
  An iguana (D:4)
  6 adders
  A worm (D:4)
  A dart slug (D:4)
  7 orcs
  5 endoplasms
  A giant cockroach (D:3)
  7 goblins
  10 hobgoblins
  2 jackals (D:5)
  2 kobolds (D:3)
  4 quokkas
  7 ball pythons
  3 bats (D:3)
  A frilled lizard (D:3)
  A rat (D:1)
68 creatures vanquished.

Notes
Turn   | Place    | Note
-------+----------+-------------------------------------------
     0 | D:1      | qw the Gargoyle Hexslinger began the quest for the Orb.
     0 | D:1      | Reached XP level 1. HP: 12/12 MP: 2/2
     0 | D:1      | 0 ||| qw: Version: 0.3-a-52-g30416fa
     0 | D:1      | 0 ||| qw: Game counter: 6888
     0 | D:1      | 0 ||| qw: Melee chars always use a shield: true
     0 | D:1      | 0 ||| qw: God list: Okawaru
     0 | D:1      | 0 ||| qw: Allow faded altars: false
     0 | D:1      | 0 ||| qw: Do Orc after clearing Dungeon:15 true
     0 | D:1      | 0 ||| qw: Do second Lair branch before Depths: true
     0 | D:1      | 0 ||| qw: Lair rune preference: random
     0 | D:1      | 0 ||| qw: Goals: Normal
     0 | D:1      | 0 ||| PLANNING D:1-11
   211 | D:1      | Reached XP level 2. HP: 16/16 MP: 3/3
   484 | D:1      | 484 ||| UPGRADING to +0 ring mail.
   494 | D:1      | 494 ||| DROPPING +0 robe.
   495 | D:1      | 495 ||| UPGRADING to amulet of faith.
   500 | D:1      | 500 ||| READING 4 scrolls labelled QOCRUV LISHIVE.
   501 | D:1      | 501 ||| DROPPING scroll of poison.
   577 | D:2      | Reached skill level 3 in Ranged Weapons
   647 | D:2      | 647 ||| READING 3 scrolls labelled MICYVI LABBU.
   648 | D:2      | 648 ||| READING 2 scrolls of brand weapon.
   648 | D:2      | 648 ||| BRANDING +1 sling of electrocution.
   649 | D:2      | 649 ||| READING scroll labelled FOZUCK ZEOCZIYRO.
   650 | D:2      | 650 ||| READING 3 scrolls of identify.
   650 | D:2      | 650 ||| IDENTIFYING smoky emerald potion
   684 | D:2      | Reached XP level 3. HP: 20/20 MP: 4/4
  1346 | D:2      | 1346 ||| READING scroll labelled TAANUTWU ZAIGO.
  1362 | D:2      | 1362 ||| READING scroll labelled YNKOCA AMOD.
  1363 | D:2      | 1363 ||| READING scroll labelled PUNLYI LENNOUBO.
  1413 | D:3      | Found Durryp Pezi's Jewellery Shoppe.
  1422 | D:3      | 1422 ||| SHOPLISTING +5 ring of evasion (504 gold, have
                  | 148).
  1422 | D:3      | 1422 ||| SHOPLISTING +6 ring of dexterity (504 gold, have
                  | 148).
  1422 | D:3      | 1422 ||| SHOPLISTING ring of protection from cold (350
                  | gold, have 148).
  1436 | D:3      | HP: 4/21 [adder (3)]
  1441 | D:3      | HP: 5/21 [adder (1)]
  1447 | D:3      | 1447 ||| FLEEEEING.
  1448 | D:3      | 1448 ||| FLEEEEING.
  1449 | D:3      | 1449 ||| FLEEEEING.
  1450 | D:3      | 1450 ||| FLEEEEING.
  1451 | D:3      | 1451 ||| FLEEEEING.
  1452 | D:3      | 1452 ||| FLEEEEING.
  1453 | D:3      | 1453 ||| FLEEEEING.
  1454 | D:3      | 1454 ||| FLEEEEING.
  1455 | D:3      | 1455 ||| FLEEEEING.
  1456 | D:3      | 1456 ||| FLEEEEING.
  1457 | D:3      | 1457 ||| FLEEEEING.
  1458 | D:3      | 1458 ||| FLEEEEING.
  1459 | D:3      | 1459 ||| FLEEEEING.
  1460 | D:3      | 1460 ||| STAIRDANCE
  1546 | D:3      | 1546 ||| FLEEEEING.
  1547 | D:3      | 1547 ||| FLEEEEING.
  1548 | D:3      | 1548 ||| STAIRDANCE
  1562 | D:2      | 1562 ||| READING 2 scrolls of identify.
  1562 | D:2      | 1562 ||| IDENTIFYING metallic black potion
  1566 | D:3      | Reached XP level 4. HP: 26/26 MP: 5/5
  1626 | D:3      | Reached skill level 4 in Ranged Weapons
  1681 | D:3      | Found a stormy altar of Qazlal.
  1982 | D:3      | Found Zimab's Jewellery Boutique.
  1993 | D:3      | 1993 ||| SHOPLISTING +6 ring of strength (360 gold, have
                  | 148).
  1993 | D:3      | 1993 ||| SHOPLISTING amulet "Xihy" {RegenMP rC++} (545
                  | gold, have 148).
  1993 | D:3      | 1993 ||| SHOPLISTING ring of fire (250 gold, have 148).
  1993 | D:3      | 1993 ||| SHOPLISTING ring of protection from fire (250
                  | gold, have 148).
  1993 | D:3      | 1993 ||| SHOPLISTING ring of willpower (250 gold, have
                  | 148).
  2193 | D:3      | Noticed Jessica
  2197 | D:3      | Reached skill level 1 in Armour
  2205 | D:3      | Killed Jessica
  2480 | D:3      | 2480 ||| UPGRADING to +0 pair of boots.
  2485 | D:3      | 2485 ||| READING scroll labelled GEMUINW NIARPH.
  2486 | D:3      | 2486 ||| READING scroll labelled HEQOZIOPIX.
  2585 | D:4      | Reached XP level 5. HP: 16/30 MP: 6/6
  2694 | D:4      | Reached skill level 5 in Ranged Weapons
  2704 | D:4      | 2704 ||| FLEEEEING.
  2705 | D:4      | 2705 ||| FLEEEEING.
  2762 | D:4      | Reached skill level 3 in Fighting
  2772 | D:4      | Reached XP level 6. HP: 34/37 MP: 7/7
  2830 | D:4      | Found a glowing silver altar of Zin.
  3148 | D:4      | 3148 ||| SWAPPING to +0 arbalest.
  3150 | D:4      | 3150 ||| DROPPING +1 heavy sling.
  3151 | D:4      | 3151 ||| READING scroll of brand weapon.
  3151 | D:4      | 3151 ||| BRANDING +0 arbalest.
  3221 | D:4      | 3221 ||| READING scroll labelled DOHICH EPROQOY.
  3253 | D:5      | Entered Level 5 of the Dungeon
  3291 | D:5      | Reached skill level 6 in Ranged Weapons
  3410 | D:5      | Found a sparkling altar of Nemelex Xobeh.
  3486 | D:5      | Reached XP level 7. HP: 31/43 MP: 8/8
  3567 | D:5      | HP: 8/43 [orc priest/divine providence (10)]
  3568 | D:5      | 3568 ||| DRINKING 2 potions of heal wounds.
  3572 | D:5      | 3572 ||| DRINKING potion of heal wounds.
  3576 | D:5      | HP: 9/43 [black bear (9)]
  3576 | D:5      | HP: 4/43 [black bear (4)]
  3576 | D:5      | Slain by a black bear

Levels and vault maps discovered:
D:1:      ebering_trefoil_3fold, layout_basic, minmay_misc_feat_room
D:2:      minmay_alternating_diamond, layout_rooms, serial_co_window_serial,
          co_window_cross_1, co_window_paths_a, co_window_of_opportunity_a,
          co_window_paths_a, co_window_paths_a, co_window_paths_b,
          co_window_paths_a, co_window_of_opportunity_a, co_window_paths_b,
          co_window_unsneaky_path_e, co_window_2corner, co_window_broadway_a,
          co_window_unsneaky_path_a, co_window_cross_2, co_window_corner_ca
D:3:      layout_loops_corners, nicolae_qazlal_eye_of_the_storm, serial_shops,
          nicolae_shop_temple_entry_statues_fountains, shop,
          kennysheep_jessica_study
D:4:      layout_gridville, zin_statuary
D:5:      layout_loops_ring, mainiacjoe_overflow_surrounded_room,
          kennysheep_generic_room_9

Skill      XL: |  1  2  3  4  5  6 |
---------------+-------------------+-----
Ranged Weapons | 3 4 5 6 |  6.3
Fighting       | 2 3 4 |  4.1
Armour         | 1 |  1.0
Dodging        | |  1.5
Spellcasting   | |  1.0
Hexes          | |  2.6

Action                     |  1- 3 |  4- 6 |  7- 9 || total
---------------------------+-------+-------+-------++-------
   Fire: Sling             |    82 |   126 |       ||   208
         Arbalest          |       |    26 |    13 ||    39
    Use: Scroll            |     9 |     4 |       ||    13
         Potion            |       |       |     2 ||     2
 Armour: Robe              |     2 |       |       ||     2
         Ring mail         |    25 |    82 |    21 ||   128
  Dodge: Dodged            |    42 |   108 |    23 ||   173

Table legend:
 A = Non-vault XP
 B = Vault XP
 C = Vault XP percentage of total XP
 D = Non-vault monster count
 E = Vault monster count
 F = Vault count percentage of total count
                 A         B        C        D         E       F
            +---------+---------+-------+---------+---------+-------
      Total |     638 |      41 |   6.0 |      65 |       3 |   4.4
            +---------+---------+-------+---------+---------+-------
        D:1 |      14 |       0 |   0.0 |       8 |       0 |   0.0
        D:2 |      34 |       2 |   5.6 |       5 |       1 |  16.7
        D:3 |      60 |      39 |  39.4 |      20 |       2 |   9.1
        D:4 |     221 |       0 |   0.0 |      21 |       0 |   0.0
        D:5 |     309 |       0 |   0.0 |      11 |       0 |   0.0
            +---------+---------+-------+---------+---------+-------
